 Dungeon Crawl Stone Soup version 0.22-a0-348-gd16d139 (webtiles) character file.

28 kidcy the Chiller (level 2, -1/15 HPs)
             Began as a Deep Elf Ice Elementalist on Apr 10, 2018.
             Killed from afar by Terence (9 damage)
             ... with a wand of flame (10)
             ... on level 2 of the Dungeon.
             The game lasted 00:03:30 (1812 turns).

kidcy the Chiller (Deep Elf Ice Elementalist)       Turns: 1812, Time: 00:03:31

Health: -1/15      AC:  3    Str:  5    XL:     2   Next: 96%
Magic:  8/8        EV: 13    Int: 19    God:
Gold:   80         SH:  0    Dex: 15    Spells: 5/8 levels left

rFire    . . .     SeeInvis .   k - -1 hunting sling (curse)
rCold    + . .     Gourm    .   (no shield)
rNeg     + . .     Faith    .   a - +0 robe
rPois    +         Spirit   .   (no helmet)
rElec    .         Reflect  .   (no cloak)
rCorr    .         Harm     .   (no gloves)
MR       .....                  f - +0 pair of boots
Stlth    ++........             (no amulet)
HPRegen  0.05/turn              e - ring of Olep {rPois rC+ rN+}
MPRegen  0.11/turn              (no ring)

@: no status effects
A: no striking features
a: no special abilities


You were on level 2 of the Dungeon.
You were not hungry.

You visited 1 branch of the dungeon, and saw 2 of its levels.

You collected 80 gold pieces.

Inventory:

Hand Weapons
 k - a cursed -1 hunting sling (weapon)
Missiles
 l - 36 stones (quivered)
Armour
 a - a +0 robe (worn)
 f - a +0 pair of boots (worn)
Jewellery
 e - the ring of Olep (left hand) {rPois rC+ rN+}
   (You found it on level 1 of the Dungeon)

   [ring of protection from cold]

   It protects you from cold.
   It protects you from poison.
   It protects you from negative energy.
Scrolls
 b - 2 scrolls of identify {unknown}
 d - a scroll of remove curse {unknown}
 g - a scroll of teleportation {unknown}
Potions
 h - 2 potions of agility {unknown}
 i - a potion of degeneration {unknown}
 j - a potion of curing {unknown}
Comestibles
 c - 2 rations


   Skills:
 - Level 2.4 Dodging
 - Level 2.4 Stealth
 + Level 3.6 Spellcasting
 - Level 1.1 Conjurations
 * Level 4.2 Ice Magic


You had 5 spell levels left.
You knew the following spells:

 Your Spells              Type           Power        Failure   Level  Hunger
a - Freeze                Ice            ###.         2%          1    None
b - Throw Frost           Conj/Ice       ##....       7%          2    ##.....


Dungeon Overview and Level Annotations

Branches:
Dungeon (2/15)

Altars:

Annotations:
D:1 exclusion: downstairs
D:2 Terence


Message History

You are feeling very hungry.
(D) Dungeon
Where to? (Enter - D:2, ? - help)
There is a stone staircase leading down here.
You climb downwards.
Level annotation: Terence HP restored.
There is a stone staircase leading up here.
You eat one of the 3 rations.
That ration really hit the spot!
Terence shouts!
Terence is too close now for your liking.
Terence is nearby!
Terence is nearby!
Terence is nearby!
There is a stone staircase leading up here.
Terence zaps a wand.
The puff of flame hits you!
Found a hand axe.
Terence zaps a wand.
The puff of flame hits you!
Ouch! That really hurt!
You die...

##.#....#####....#..#
#.#...........#@..##
##.##....#####.#..##
....#.##.# #.#..#
..... ......# .#
#.#..# #..... .....##
.# #.#.## ......
....## .. #.#.#
...... ....# ##
#...###....≈≈ ....#
##.@.....≈≈≈≈ ......
#........≈≈≈ ...##..
##.........≈≈ .### #.
#....).......
#..###.#..... #....#
.#..... ##..## (#
)... #.. .# .. ... ..
.


You could see Terence.

Vanquished Creatures
  2 worms (D:2)
  A dart slug (D:1)
  2 leopard geckos (D:1)
  A giant cockroach (D:1)
  3 goblins
  A hobgoblin (D:1)
  4 bats
  A frilled lizard (D:1)
  A kobold (D:1)
  2 rats (D:1)
18 creatures vanquished.

Notes
Turn   | Place    | Note
-------+----------+-------------------------------------------
     0 | D:1      | kidcy the Deep Elf Ice Elementalist began the quest for the Orb.
     0 | D:1      | Reached XP level 1. HP: 10/10 MP: 6/6
   344 | D:1      | Got a coiled copper ring
   346 | D:1      | Identified the ring of Olep {rPois rC+ rN+} (You found it on level 1 of the Dungeon)
   387 | D:1      | Reached XP level 2. HP: 15/15 MP: 4/8
   391 | D:1      | Learned a level 2 spell: Throw Frost
   610 | D:1      | Reached skill level 4 in Ice Magic
  1337 | D:2      | Noticed Terence
  1812 | D:2      | Killed from afar by Terence

Vault maps used:
D:1:      elethiomel_arrival_maze, nrook_loot_triangle
D:2:      serial_glass, glass_columns_b, glass_columns_c, lemuel_old_faithful,
          uniq_terence

Skill      XL: |  1  2 |
---------------+-------+-----
Ice Magic      | 4 |  4.2
Dodging        | |  2.4
Stealth        | |  2.4
Spellcasting   | |  3.6
Conjurations   | |  1.1

Action                   || total
-------------------------++-------
Melee: Unarmed           ||     4
 Fire: Hunting sling     ||    19
 Cast: Freeze            ||    23
       Throw Frost       ||    18
  Eat: Chunk             ||     2
       Ration            ||     1
Dodge: Dodged            ||    25

Table legend:
 A = Spawn XP
 B = Non-spawn XP
 C = Spawn XP percentage of total XP
 D = Spawn monster count
 E = Non-spawn monster count
 F = Spawn count percentage of total count
 G = Total turns spent on level
                    A         B        C        D         E        F      G
               +---------+---------+-------+---------+---------+-------+---------
         Total |       0 |      40 |   0.0 |       0 |      18 |   0.0 |  1812
               +---------+---------+-------+---------+---------+-------+---------
           D:1 |       0 |      25 |   0.0 |       0 |      14 |   0.0 |  1465
           D:2 |       0 |      15 |   0.0 |       0 |       4 |   0.0 |   347
               +---------+---------+-------+---------+---------+-------+---------
